 Dungeon Crawl Stone Soup version 0.27.0-1-g7a089689b8 (webtiles) character file.

Game seed: 11427649468658642301

268248 fiver49 the Warrior (level 20, -24/182 HPs)
             Began as a Ghoul Arcane Marksman on Aug 5, 2021.
             Was the Champion of Makhleb.
             Annihilated by a deep troll (30 damage)
             ... led by an ironbound preserver
             ... on level 2 of the Vaults on Aug 9, 2021.
             The game lasted 03:47:55 (63416 turns).

fiver49 the Warrior (Ghoul Arcane Marksman)        Turns: 63416, Time: 03:47:56

Health: -24/182    AC: 26    Str: 25    XL:     20   Next: 55%
Magic:  29/29      EV: 17    Int:  8    God:    Makhleb [******]
Gold:   2860       SH: 16    Dex: 14    Spells: 20/21 levels left

rFire    + . .     SeeInvis +   a - +9 demon whip (freeze)
rCold    + + .     Faith    .   h - +2 kite shield
rNeg     + + +     Spirit   .   X - +3 plate armour {rC+}
rPois    ∞         Reflect  .   m - +0 mask of the Dragon {Will+ Slay+3 SInv}
rElec    .         Harm     .   T - +0 cloak
rCorr    .         Rampage  +   u - +2 pair of gloves
Will     ++++.                  v - +0 pair of boots
Stlth    ..........             F - amulet of Aceyh {Acrobat Rampage rF+ Will+}
HPRegen  0.00/turn              K - ring of Baisir {EV+4 Str+3 Dex+4 Slay+2}
MPRegen  0.21/turn              O - ring of willpower

@: inhibited regen, studying Dodging
A: claws 1, cold resistance 1, negative energy resistance 3, inhibited
regeneration, torment resistance 2
}: 1/15 runes: barnacled
a: Renounce Religion, Minor Destruction, Lesser Servant of Makhleb, Major
Destruction, Greater Servant of Makhleb


You were on level 2 of the Vaults.
You worshipped Makhleb.
Makhleb was exalted by your worship.
You visited 7 branches of the dungeon, and saw 34 of its levels.

You collected 7384 gold pieces.
You spent 4524 gold pieces at shops.

Inventory:

Hand Weapons
 a - a +9 demon whip of freezing (weapon)
 b - a +0 morningstar of electrocution
 C - the +6 flail of Articulation {flame, Fly Str+3 Int+4}
   (You found it on level 1 of the Shoals)

   It burns those it strikes, dealing additional fire damage.
   Str:       It affects your strength (+3).
   Int:       It affects your intelligence (+4).
   Fly:       It grants you flight.
Missiles
 c - 6 throwing nets
 n - 44 silver javelins
 o - 15 curare-tipped darts
 E - 20 javelins (quivered)
 G - 11 silver boomerangs
 J - 89 boomerangs
Armour
 h - a +2 kite shield (worn)
 m - the +0 mask of the Dragon (worn) {Will+ Slay+3 SInv}
   (You found it on level 4 of the Shoals)

   Slay:      It affects your accuracy & damage with ranged weapons and melee
   (+3).
   SInv:      It lets you see invisible.
   Will:      It increases your willpower.
 r - a +0 tower shield
 u - a +2 pair of gloves (worn)
 v - a +0 pair of boots (worn)
 T - a +0 cloak (worn)
 X - a +3 plate armour of cold resistance (worn)
Jewellery
 d - an amulet of reflection
 l - a ring of flight
 q - a ring of protection from cold
 w - the ring "Ischuy Ostra" {rF+ Int+5 SInv}
   (You bought it in a shop on level 1 of the Orcish Mines)

   [ring of protection from fire]

   Int:       It affects your intelligence (+5).
   rF:        It protects you from fire.
   SInv:      It lets you see invisible.
 y - a +6 ring of intelligence
 A - the ring of Inuamegy {Str+3 Int+4 Dex+6 Stlth-}
   (You took it off a spriggan on level 6 of the Lair of Beasts)

   [ring of dexterity]

   Str:       It affects your strength (+3).
   Int:       It affects your intelligence (+4).
   Dex:       It affects your dexterity (+6).
   Stlth:     It makes you less stealthy.
 F - the amulet of Aceyh (around neck) {Acrobat Rampage rF+ Will+}
   (You found it on level 2 of the Shoals)

   [amulet of the acrobat]

   It increases your evasion while moving and waiting.
   rF:        It protects you from fire.
   Rampage:   It bestows one free step when moving towards enemies.
   Will:      It increases your willpower.
 K - the ring of Baisir (left hand) {EV+4 Str+3 Dex+4 Slay+2}
   (You found it on level 4 of the Shoals)

   [ring of evasion]

   EV:        It affects your evasion (+4).
   Str:       It affects your strength (+3).
   Dex:       It affects your dexterity (+4).
   Slay:      It affects your accuracy & damage with ranged weapons and melee
   (+2).
 O - a ring of willpower (right hand)
Wands
 j - a wand of digging (1)
 x - a wand of paralysis (2)
 L - a wand of mindburst (35)
 R - a wand of flame (77)
 V - a wand of acid (14)
 Z - a wand of iceblast (21)
Scrolls
 f - 3 scrolls of immolation
 p - 5 scrolls of teleportation
 z - 7 scrolls of amnesia
 B - a scroll of torment
 D - 2 scrolls of summoning
 H - a scroll of silence
 N - 3 scrolls of vulnerability
 P - 3 scrolls of enchant armour
 S - 10 scrolls of magic mapping
Potions
 e - a potion of resistance
 g - a potion of cancellation
 i - 2 potions of curing
 k - 3 potions of attraction
 s - 7 potions of brilliance
 t - a potion of heal wounds
 I - 6 potions of haste
 M - 2 potions of flight
 Q - a potion of ambrosia
 W - 3 potions of might
 Y - 3 potions of magic
Miscellaneous
 U - a phantom mirror


   Skills:
 * Level 16.4 Fighting
 - Level 16.0 Maces & Flails
 - Level 1.7 Throwing
 * Level 13.9 Armour
 - Level 13.3 Dodging
 * Level 13.9 Shields
 - Level 1.0 Spellcasting
 - Level 2.4 Hexes
 - Level 14.3 Invocations


You had 20 spell levels left.
You knew the following spells:

 Your Spells              Type           Power      Damage    Failure   Level
a - Corona                Hex            4%         N/A       80%         1

Your spell library contained the following spells:

 Spells                   Type           Power      Damage    Failure   Level
 Slow                     Hex            4%         N/A       90%         2
 Freeze                   Ice            0%         1d3       98%         1
 Shock                    Conj/Air       0%         1d3       98%         1
 Blink                    Tloc           N/A        N/A       99%         2
 Passwall                 Tmut/Erth      0%         N/A       99%         2
 Static Discharge         Conj/Air       0%         N/A       99%         2
 Dazzling Flash           Conj/Hex       4%         N/A       100%        3
 Frozen Ramparts          Ice            0%         1d2       100%        3
 Inner Flame              Hex/Fire       2%         N/A       100%        3
 Lesser Beckoning         Tloc           0%         N/A       100%        3
 Mephitic Cloud           Conj/Pois/Air  0%         N/A       100%        3
 Portal Projectile        Hex/Tloc       4%         N/A       100%        3
 Swiftness                Air            0%         N/A       100%        3
 Vampiric Draining        Necr           0%         2d6       100%        3
 Airstrike                Air            0%         N/A       100%        4
 Cause Fear               Hex            2%         N/A       100%        4
 Dispel Undead            Necr           0%         3d6       100%        4
 Fulminant Prism          Conj/Hex       1%         3d6       100%        4
 Hailstorm                Conj/Ice       0%         3d3       100%        4
 Iskenderun's Mystic Bla  Conj/Tloc      0%         2d3       100%        4
 Petrify                  Tmut/Erth      0%         N/A       100%        4
 Sticky Flame             Conj/Fire      0%         2d3       100%        4
 Summon Ice Beast         Ice/Summ       0%         N/A       100%        4
 Summon Lightning Spire   Summ/Air       0%         N/A       100%        4
 Agony                    Necr           0%         N/A       100%        5
 Irradiate                Conj/Tmut      0%         3d14      100%        5
 Lee's Rapid Deconstruct  Erth           0%         3d5*      100%        5
 Manifold Assault         Tloc           0%         N/A       100%        5
 Silence                  Hex/Air        1%         N/A       100%        5
 Dispersal                Tloc           0%         N/A       100%        6
 Invisibility             Hex            2%         N/A       100%        6
 Disjunction              Tloc           0%         N/A       100%        8
 Shatter                  Erth           0%         3d5*      100%        9
 Sublimation of Blood     Necr           Unusable   N/A       N/A         2
 Ice Form                 Ice/Tmut       Unusable   N/A       N/A         4

Dungeon Overview and Level Annotations

Branches:
Dungeon (15/15)            Temple (1/1) D:5            Lair (6/6) D:8
 Shoals (4/4) Lair:2        Snake (4/4) Lair:3        Slime (0/5) Lair:5
    Orc (2/2) D:9             Elf (0/3) Orc:2        Vaults (2/5) D:14
 Depths (0/5) D:15
  Crypt: Vaults:2-3

Altars:
Dithmenos
Gozag
Hepliaklqana
Kikubaaqudgha
Makhleb
Okawaru
Qazlal
Ru
Sif Muna
Trog
Uskayaw
Vehumet
Yredelemnul
The Shining One
Beogh
Lugonu

Shops:
D:9 =   Orc:1 *   Orc:2 [:*(?(   Shoals:3 [   Snake:1 :*   Snake:2 [(
Snake:3 (   Vaults:2 [

Portals:
Abyss: D:11 Lair:6
Pandemonium: Orc:2
Trove: D:13 (give +8 demon trident)

Annotations:
D:3 3 runed translucent doors, ZARRMARR's ghost, amateur HOMo; butteredtoast's ghost, amateur SpBr; nxtlvl's ghost, weakling HuGl
D:6 2 transporters, PewDiePie's ghost, amateur DsNe
D:9 exclusion: orange crystal statue
D:10 2 transporters, h3lee's ghost, novice MiBe
D:11 2 transporters, robertstho's ghost, journeyman DjFE
Lair:4 exclusion: oklob plant
Lair:5 exclusion: oklob plant
Snake:4 2 exclusions


Innate Abilities, Weirdness & Mutations

You thrive by killing the living.
You are immune to poison.
You have sharp fingernails.
Your flesh is cold resistant. (rC+)
You are immune to negative energy. (rN+++)
You do not regenerate when monsters are visible.
You are immune to unholy pain and torment.


Message History

The centaur warrior is moderately wounded.
The javelin pierces through the ironbound preserver!
The ironbound preserver is lightly wounded.
The javelin pierces through the boggart!
You kill the boggart!
Makhleb accepts your kill.
You feel better.
The ironbound beastmaster dissolves into shadows!
The lindwurm dissolves into shadows!
The centaur warrior dissolves into shadows!
The ironbound preserver dissolves into shadows!
The deep troll dissolves into shadows!
The deep troll dissolves into shadows! x4
The yaktaur captain wields a +0 arbalest.
The yaktaur captain shoots a bolt.
You block the bolt. You block the orc knight's attack.
The boggart casts a spell.
You block the deep troll's attack. x3
Items here: )) [[ ††.
You thrash the yaktaur captain!! You freeze the yaktaur captain.
The yaktaur captain is moderately wounded.
The orc knight hits you with a +0 great sword!! x2
Unknown command.
Throw: 21 javelins
Press: ? - help, Q - select action, (/) - cycle Shift-Dir - straight line, f - boggart
Aim: a boggart (66% to hit)
You throw a javelin.
The javelin pierces through the yaktaur captain!
The yaktaur captain is heavily wounded.
The javelin pierces through the boggart.
The boggart is moderately wounded.
You block the deep troll's attack.
The deep troll claws you but does no damage. x2
The orc knight hits you with a +0 great sword!
* * * LOW HITPOINT WARNING * * *
The orc knight hits you with a +0 great sword!!!
* * * LOW HITPOINT WARNING * * *
The yaktaur captain unwields a +0 arbalest.
The yaktaur captain barely misses you. The deep troll bites you!!
You die...

##########.......##
.....................
.....................
/....................
#........#########..
#.......# #...# .
#.p..g..###..(###
#..†....#...(o..#
#..)†)..#...oT@[#
#...T...#...gco.#
#......p###.p(###
#......g# #..g#
#.....g.#####c###...
..'......Tpuu..........
..#.......pp...........
###....................
......................


You could see an orc warlord (summoned, strong), 2 yaktaur captains, 2 orc
knights, a deep troll (strong), an ironbound convoker and 2 boggarts.

Vanquished Creatures
  Rupert (D:13)
  2 krakens (Shoals:3)
  A nagaraja (Snake:2)
  7 very ugly things
  3 stone giants
  3 ironbound preservers
  6 dire elephants
  An ettin (Vaults:1)
  5 merfolk javelineers
  2 fire dragons
  10 merfolk impalers
  12 hydras
  2 yaktaur captains
  2 ice dragons (Shoals:1)
  8 boulder beetles
  Erolcha (D:10)
  5 merfolk avatars
  15 naga warriors
  A catoblepas (D:13)
  An ogre mage (D:10)
  Erica (D:9)
  A death knight (D:12)
  An alligator snapping turtle (Shoals:2)
  5 centaur warriors
  15 anacondas
  5 satyrs
  9 death yaks
  An ironbound frostheart (Vaults:1)
  3 tengu warriors
  11 two-headed ogres
  5 merfolk aquamancers
  2 alligators (Snake:1)
  A sun demon (Orc:2)
  12 naga sharpshooters
  4 thrashing horrors (Lair:6)
  3 ironbound beastmasters (Vaults:1)
  5 shock serpents
  Sonja (Orc:2)
  3 salamander mystics
  A deep elf knight (Snake:4)
  3 goliath frogs (Snake:1)
  16 harpies
  10 naga ritualists
  13 deep trolls
  10 sea snakes
  A deep elf archer (Snake:4)
  2 torturous demonspawn (Orc:2)
  3 ironbound convokers
  15 mana vipers
  A lindwurm (Vaults:1)
  4 wizards
  Pikel (D:9)
  5 orc knights
  33 ugly things
  10 salamanders
  8 orc sorcerers (Orc:2)
  10 cyclopes
  11 manticores
  38 fauns
  Maurice (D:9)
  4 vault sentinels
  43 black mambas
  12 merfolk sirens
  5 elephants
  4 torpor snails
  4 guardian serpents
  2 rust devils
  3 smoke demons (Lair:6)
  4 water nymphs
  11 cane toads
  15 naga magi
  4 gargoyles
  5 unseen horrors (D:12)
  Maggie (D:8)
  An orange demon (Orc:2)
  An efreet (D:15)
  Psyche (D:8)
  2 tengu conjurers (D:15)
  9 rime drakes
  3 yaktaurs
  An ice devil (Orc:2)
  A hellwing (Orc:2)
  2 kobold demonologists
  16 komodo dragons
  A red devil (Orc:2)
  27 merfolk
  2 ancient zymes (Lair:6)
  3 polar bears
  9 trolls
  11 wind drakes
  A blink frog (shapeshifter) (Lair:6)
  A raiju (shapeshifter) (D:14)
  30 slime creatures
  Prince Ribbit (D:9)
  15 blink frogs
  4 snapping turtles
  5 dream sheep
  A vampire (D:12)
  A wraith (D:13)
  4 ynoxinuls
  2 shadows
  5 wyverns
  7 spriggans
  40 yaks
  12 water elementals
  6 basilisks
  A large abomination (Lair:6)
  10 steam dragons
  11 small abominations (Lair:6)
  A vampire mosquito (D:11)
  3 swamp worms (Snake:1)
  A hell hound (Snake:4)
  10 wargs
  36 nagas
  13 water moccasins
  A harpy simulacrum (D:15)
  30 orc warriors
  3 black bears
  3 sky beasts
  7 boggarts
  13 ogres
  12 centaurs
  A wolf (Lair:3)
  A lemure (D:9)
  A phantom (D:6)
  3 kobold brigands (D:9)
  A gnoll sergeant (D:12)
  A wyvern zombie (D:6)
  16 bullfrogs
  A scorpion (D:5)
  A water moccasin skeleton (D:6)
  An electric eel (Lair:2)
  20 wights
  3 howler monkeys (D:12)
  2 bullfrog zombies (D:5)
  2 centaur zombies
  35 orc priests
  5 hounds
  2 jellies
  12 human skeletons (Vaults:1)
  14 iguanas
  2 scorpion zombies (D:5)
  21 orc wizards
  2 killer bee zombies (D:7)
  2 hound skeletons
  3 howler monkey zombies
  4 gnolls (D:4)
  5 adders
  A howler monkey skeleton (D:7)
  3 river rats (Lair:2)
  A shadow imp (D:5)
  A white imp (D:6)
  An adder zombie (D:5)
  2 worms (D:2)
  65 orcs
  9 ball pythons
  7 endoplasms
  8 giant cockroaches
  4 goblins
  5 hobgoblins
  11 jackals
  26 kobolds
  3 quokkas
  6 bats
  26 frilled lizards
  A goblin zombie (D:5)
  5 rats
  A rat zombie (D:5)
  A bush (Shoals:1)
  7 tentacles (Shoals:3)
1224 creatures vanquished.

Vanquished Creatures (collateral kills)
  Aizul (Shoals:2)
  2 merfolk javelineers
  Harold (D:10)
  3 hydras
  An alligator snapping turtle (Shoals:4)
  A two-headed ogre (D:9)
  3 orc high priests (Orc:2)
  A shock serpent (Snake:3)
  An infernal demonspawn (Orc:2)
  A salamander (Snake:1)
  2 fauns (Shoals:4)
  A manticore (Shoals:2)
  2 black mambas
  A guardian serpent (Snake:3)
  A komodo dragon (Lair:3)
  8 merfolk
  A snapping turtle (Shoals:2)
  A water elemental (Shoals:4)
  A water moccasin (Lair:5)
  2 wolves (Lair:3)
  A kobold brigand (D:10)
  A kobold (D:10)
37 creatures vanquished.

Vanquished Creatures (others)
  A tengu conjurer (D:13)
  An orc wizard (D:8)
  4 orcs
  2 bushes (Lair:4)
  64 fungi
  386 plants
  21 tentacles (Shoals:3)
  4 withered plants (D:3)
483 creatures vanquished.

Grand Total: 1744 creatures vanquished

Notes
Turn   | Place    | Note
-------+----------+-------------------------------------------
     0 | D:1      | fiver49 the Ghoul Arcane Marksman began the quest for the
                  | Orb.
     0 | D:1      | Reached XP level 1. HP: 16/16 MP: 1/1
    37 | D:1      | Reached XP level 2. HP: 22/24 MP: 2/2
   446 | D:1      | Got the Guide on the Rocks and Creation
   561 | D:1      | Reached XP level 3. HP: 20/30 MP: 3/3
  1005 | D:1      | Found a radiant altar of Vehumet.
  1651 | D:2      | Reached XP level 4. HP: 26/38 MP: 4/4
  2111 | D:3      | Found a runed translucent gate.
  2111 | D:3      | Found a runed translucent gate.
  2112 | D:3      | Found a runed translucent gate.
  2149 | D:3      | Noticed ZARRMARR's ghost (amateur HOMo)
  2149 | D:3      | Noticed butteredtoast's ghost (amateur SpBr)
  2149 | D:3      | Noticed nxtlvl's ghost (weakling HuGl)
  2163 | D:3      | Reached skill level 1 in Maces & Flails
  2700 | D:3      | Reached XP level 5. HP: 28/45 MP: 5/5
  2989 | D:3      | Found a faded altar of an unknown god.
  3265 | D:4      | Reached XP level 6. HP: 46/51 MP: 6/6
  3871 | D:4      | Found a hazy altar of Hepliaklqana.
  4289 | D:5      | Entered Level 5 of the Dungeon
  4358 | D:5      | Noticed a yak
  4358 | D:5      | Noticed a yak
  4358 | D:5      | Noticed a yak
  4358 | D:5      | Noticed a yak
  4358 | D:5      | Noticed a yak
  4404 | D:4      | Killed a yak
  4405 | D:4      | Reached skill level 5 in Maces & Flails
  4405 | D:4      | Reached XP level 7. HP: 28/57 MP: 7/7
  4584 | D:4      | Killed a yak
  4908 | D:5      | Found a staircase to the Ecumenical Temple.
  4917 | Temple   | Entered the Ecumenical Temple
  5003 | Temple   | Became a worshipper of Makhleb the Destroyer
  5077 | D:5      | Reached XP level 8. HP: 50/63 MP: 8/8
  5369 | D:5      | Killed a yak
  5379 | D:5      | Killed a yak
  5391 | D:5      | Killed a yak
  5862 | D:5      | Found a basalt altar of Yredelemnul.
  5983 | D:6      | Noticed a wraith
  6270 | D:6      | Reached XP level 9. HP: 44/69 MP: 9/9
  6651 | D:6      | Reached skill level 10 in Maces & Flails
  6727 | D:6      | Found a transporter.
  6737 | D:6      | Noticed PewDiePie's ghost (amateur DsNe)
  6803 | D:6      | Found a transporter.
  7394 | D:7      | Reached * piety under Makhleb
  9027 | D:8      | Noticed Maggie
  9046 | D:8      | Killed Maggie
  9091 | D:8      | Found the +7 Singing Sword {vorpal, sonic wave}
  9129 | D:8      | Noticed Psyche
  9138 | D:8      | Killed Psyche
  9139 | D:8      | Reached XP level 10. HP: 77/77 MP: 10/10
  9592 | D:8      | Found a stormy altar of Qazlal.
  9605 | D:8      | Reached skill level 1 in Armour
  9647 | D:7      | Reached skill level 1 in Shields
  9821 | D:8      | Found a staircase to the Lair.
  9889 | D:8      | Reached skill level 1 in Invocations
 10689 | D:9      | Found a bloodstained altar of Trog.
 10824 | D:9      | Found a staircase to the Orcish Mines.
 10872 | D:9      | Reached ** piety under Makhleb
 11114 | D:9      | Noticed Pikel
 11151 | D:9      | Killed Pikel
 11180 | D:9      | Noticed Maurice
 11345 | D:9      | Found Joniug's Jewellery Shoppe.
 11509 | D:9      | Noticed Prince Ribbit
 11544 | D:9      | Killed Prince Ribbit
 11669 | D:9      | Reached skill level 5 in Fighting
 11676 | D:9      | Noticed Erica
 11719 | D:9      | Killed Erica
 11720 | D:9      | Reached XP level 11. HP: 42/88 MP: 10/12
 11913 | D:9      | Found a hide-covered altar of Uskayaw.
 11939 | D:9      | Noticed an orange crystal statue
 12218 | D:9      | Noticed a two-headed ogre
 12243 | D:9      | Killed a two-headed ogre
 12244 | D:9      | Reached skill level 5 in Dodging
 12563 | D:9      | Killed Maurice
 13021 | D:10     | Entered Level 10 of the Dungeon
 13021 | D:10     | Noticed Erolcha
 13085 | D:10     | Noticed a two-headed ogre
 13086 | D:10     | Noticed an ogre mage
 13086 | D:10     | Noticed a two-headed ogre
 13142 | Lair:1   | Entered Level 1 of the Lair of Beasts
 13212 | Lair:1   | Reached *** piety under Makhleb
 14413 | Lair:1   | Reached skill level 5 in Shields
 14450 | Lair:1   | Reached skill level 5 in Armour
 14745 | Lair:1   | Noticed a four-headed hydra
 14831 | Lair:1   | Killed a four-headed hydra
 15131 | Lair:1   | Reached XP level 12. HP: 100/100 MP: 14/14
 15846 | Lair:2   | Noticed a six-headed hydra
 15852 | Lair:2   | Killed a six-headed hydra
 16089 | Lair:2   | Reached skill level 5 in Invocations
 16329 | Lair:2   | Found a staircase to the Shoals.
 16388 | Lair:2   | Reached **** piety under Makhleb
 16972 | Lair:2   | You are sucked into a shaft and drop 1 floor!
 19440 | D:9      | Bought a ring of willpower for 375 gold pieces
 19692 | Lair:3   | Reached ***** piety under Makhleb
 19734 | Lair:3   | Found a staircase to the Snake Pit.
 20224 | Lair:4   | Noticed a death yak
 20224 | Lair:4   | Noticed a death yak
 20225 | Lair:4   | Noticed a death yak
 20226 | Lair:4   | Noticed a death yak
 20266 | Lair:3   | Reached XP level 13. HP: 34/111 MP: 16/16
 21375 | Lair:4   | Identified the +4 dagger "Ododyc Balor" {holy, Str+5}
 22957 | Lair:5   | Found a staircase to the Slime Pits.
 23246 | Lair:5   | HP: 3/111 [six-headed hydra (7)]
 24466 | Lair:4   | Reached XP level 14. HP: 103/118 MP: 17/17
 24531 | Lair:4   | Reached skill level 15 in Maces & Flails
 25075 | Lair:6   | Entered Level 6 of the Lair of Beasts
 26735 | Lair:6   | Identified the +1 plate armour "Eqidyjaus" {Rampage Will-
                  | Slay+2}
 26737 | Lair:6   | Identified the +0 helmet "Arekk" {Rampage Int+2 Dex+3
                  | Stlth+}
 27282 | Lair:6   | Identified the +11 long sword "Appucos" {freeze, Str+7}
 27282 | Lair:6   | Identified the ring of Inuamegy {Str+3 Int+4 Dex+6 Stlth-}
 27392 | Lair:6   | Identified a scroll of acquirement
 27393 | Lair:6   | Acquired 1102 gold pieces
 27985 | Lair:6   | Found a corrupted altar of Lugonu.
 27985 | Lair:6   | Found a one-way gate to the infinite horrors of the Abyss.
 28954 | D:10     | Noticed Harold
 28962 | D:10     | Killed Erolcha
 28976 | D:10     | Paralysed by something for 2 turns
 28978 | D:10     | Killed Harold
 29123 | D:10     | Found a transporter.
 29123 | D:10     | Noticed h3lee's ghost (novice MiBe)
 29365 | D:10     | Found a shimmering blue altar of Sif Muna.
 29375 | D:10     | Reached XP level 15. HP: 107/126 MP: 19/19
 29485 | D:10     | Found a transporter.
 29555 | D:10     | Identified the +4 ring mail of Bafatos {+Inv}
 29708 | D:11     | Reached skill level 10 in Fighting
 30516 | D:11     | Found a transporter.
 30529 | D:11     | Found a transporter.
 30540 | D:11     | You fall into a shaft and drop 1 floor!
 33343 | D:11     | Noticed robertstho's ghost (journeyman DjFE)
 33607 | D:13     | Noticed Rupert
 33778 | D:13     | Killed Rupert
 34206 | D:13     | Found a portal to a secret trove of treasure.
 34833 | D:14     | Reached skill level 10 in Invocations
 34984 | D:14     | Found a gate to the Vaults.
 35194 | D:14     | Reached XP level 16. HP: 126/137 MP: 22/22
 36208 | D:15     | Entered Level 15 of the Dungeon
 36746 | D:15     | Acquired a manual of Dodging
 36748 | D:15     | Acquired 452 gold pieces
 36749 | D:15     | Acquired a +2 chain mail of fire resistance
 36871 | D:15     | Found a staircase to the Depths.
 36940 | D:15     | Reached skill level 10 in Dodging
 37301 | Snake:1  | Entered Level 1 of the Snake Pit
 39205 | Snake:1  | Found Ziwakhuc's General Store.
 39215 | Snake:1  | Bought a potion of resistance for 130 gold pieces
 39719 | Snake:1  | Reached ****** piety under Makhleb
 39868 | Snake:1  | Found Yxkiaz's Book Shop.
 40623 | Snake:1  | Reached XP level 17. HP: 125/146 MP: 25/25
 40934 | Orc:1    | Entered Level 1 of the Orcish Mines
 41193 | Orc:1    | Got Beagg's Easy Sorcery
 41290 | Orc:1    | Found Evviuc's General Store.
 41297 | Orc:1    | Bought a scroll of teleportation for 45 gold pieces
 41297 | Orc:1    | Bought the ring "Ischuy Ostra" {rF+ Int+5 SInv} for 700
                  | gold pieces
 41455 | Orc:1    | Reached skill level 10 in Shields
 41590 | Orc:2    | Entered Level 2 of the Orcish Mines
 41830 | Orc:2    | Found Balepoll's Antique Weapon Boutique.
 41894 | Orc:2    | Reached skill level 10 in Armour
 42091 | Orc:2    | Found a staircase to the Elven Halls.
 42122 | Orc:2    | Noticed Sonja
 42131 | Orc:2    | Killed Sonja
 42210 | Orc:2    | Found Irued's Armour Shop.
 42715 | Orc:2    | Found Ceud's General Store.
 42722 | Orc:2    | Found Boggiad's Magic Scroll Boutique.
 42983 | Orc:2    | Bought a potion of curing for 39 gold pieces
 42985 | Orc:2    | Bought 2 scrolls of blinking for 165 gold pieces
 42985 | Orc:2    | Bought a scroll of teleportation for 33 gold pieces
 42985 | Orc:2    | Bought a scroll of identify for 22 gold pieces
 42985 | Orc:2    | Bought a scroll of teleportation for 33 gold pieces
 42985 | Orc:2    | Bought a scroll of identify for 22 gold pieces
 42985 | Orc:2    | Bought a scroll of acquirement for 572 gold pieces
 43795 | Orc:2    | Found Sagopnes's Book Emporium.
 43795 | Orc:2    | Found Peixoge's Antique Weapon Shoppe.
 43795 | Orc:2    | Found a one-way gate leading to the halls of Pandemonium.
 44146 | Snake:2  | Acquired 815 gold pieces
 44548 | Snake:1  | mana vipers are funny bc they essentially give you spirit
                  | shield for free
 45500 | Snake:2  | Found Lufoumm's Weapon Shoppe.
 45500 | Snake:2  | Found Inoj's Armour Emporium.
 45678 | Snake:3  | Identified the +2 chain mail of Winter {rC+ Str+3}
 46226 | Snake:2  | sheesh
 46885 | Snake:3  | Found Porchu's Antique Weapon Shoppe.
 47600 | Snake:2  | Reached XP level 18. HP: 81/157 MP: 27/27
 49752 | Snake:4  | Entered Level 4 of the Snake Pit
 52064 | Shoals:1 | Entered Level 1 of the Shoals
 52091 | Shoals:1 | calling all dungeon vendors: I will pay top dollar for a
                  | demon whip
 52173 | Shoals:1 | *blows on dice*
 52173 | Shoals:1 | Acquired 1201 gold pieces
 52174 | Shoals:1 | *is escorted out of the casino bruised and penniless*
 52381 | Shoals:1 | Identified the +6 flail of Articulation {flame, Fly Str+3
                  | Int+4}
 52385 | Shoals:1 | this'll do
 52811 | Shoals:1 | Identified the +0 animal skin of the Cockatrice {rF- rN++
                  | Str+2 Slay+2}
 53114 | Shoals:1 | pls no silver ladies I'm allergic
 53671 | Shoals:1 | what are these tps
 54094 | Shoals:1 | ?
 54194 | Shoals:2 | Identified the amulet of Aceyh {Acrobat Rampage rF+ Will+}
 54875 | Shoals:2 | Noticed Aizul
 54877 | Shoals:2 | Reached XP level 19. HP: 149/167 MP: 28/28
 55430 | Shoals:2 | Killed Aizul
 57391 | Shoals:3 | Found Ydee's Antique Armour Boutique.
 57799 | Shoals:3 | Reached skill level 15 in Fighting
 58653 | Shoals:3 | Bought a glowing plate armour for 832 gold pieces
 58653 | Shoals:3 | Bought a runed plate armour for 832 gold pieces
 58684 | Shoals:4 | Entered Level 4 of the Shoals
 60167 | Shoals:4 | Identified the ring of Baisir {EV+4 Str+3 Dex+4 Slay+2}
 60354 | Shoals:4 | Found the +10 Black Knight's barding {ponderous, rPois rN+}
 60577 | Shoals:4 | Found the +0 mask of the Dragon {Will+ Slay+3 SInv}
 60767 | Shoals:4 | Got a barnacled rune of Zot
 60789 | Shoals:4 | Identified the +2 scale mail of Honour {rElec}
 61286 | Vaults:1 | Entered Level 1 of the Vaults
 61760 | D:14     | Reached XP level 20. HP: 170/180 MP: 29/29
 62342 | Orc:2    | Bought a scroll of magic mapping for 45 gold pieces
 62342 | Orc:2    | Bought a scroll of brand weapon for 260 gold pieces
 62342 | Orc:2    | Bought a scroll of enchant armour for 97 gold pieces
 62508 | Vaults:1 | Identified the +8 flail of Dotsonudi {drain, rF+}
 63163 | Vaults:2 | Found Pierchep's Antique Armour Emporium.
 63175 | Vaults:2 | Bought a shiny kite shield for 322 gold pieces
 63416 | Vaults:2 | HP: 6/182 [orc knight[a boggart] (36)]
 63416 | Vaults:2 | Annihilated by a deep troll

Illustrated notes #......#.########.## ####..........###..# #...#..###....... ###.##...#...#... #.##.......#'#. #.#.....##.'N'. #####.#.....####'#. #...#.#...### #... #.@.#†##.## #### #.....#### ##.......# # #.......# # ####....# ##### #.####### #...# #.#8.8.8# #.... ##...⌠.⌠.# #.... #...8.∩.8# ##... Turn 44548 on Snake:1: mana vipers are funny bc they essentially give you spirit shield for free ##.............#.........## .))).)..#.................#### .#.............#...........#.# .#....)........#...(........## .##.....∩.....##.............# ..##.........##..............## ...##.......##................### ....##.....##..÷................# .....###.###....@...............# .....##........[...............## ....####.....#####.......###...# ....#...#....##...#....>#...#..## ...#.....#...#.....#...#.....#..# .##.......###.......###.......### ...#.....#...#.....#...#.....#... .)..#...#.....#...#.....#...#.... ....÷###.......###.......###..... Turn 46226 on Snake:2: sheesh #≈≈≈≈≈≈≈≈≈≈≈≈≈≈# #.≈≈≈≈≈≈≈≈≈≈≈≈≈# ...≈≈≈≈≈≈≈≈≈≈≈# #.≈≈≈≈≈≈≈≈≈≈≈# #≈≈≈≈≈≈≈≈≈≈≈# #≈≈≈≈≈≈≈≈≈≈# #≈†≈)≈≈≈≈≈≈# #<.@≈≈≈≈≈≈# #≈...≈≈≈≈≈# #≈..≈≈≈≈≈≈# #≈≈≈≈≈≈≈≈≈# #≈≈≈≈≈≈≈≈≈# #≈≈≈≈≈≈≈≈≈# #≈≈≈≈≈≈≈≈≈# ≈≈≈≈≈≈≈≈≈≈# Turn 52091 on Shoals:1: calling all dungeon vendors: I will pay top dollar for a demon whip .... ..≈≈≈≈≈≈≈ ≈.....≈≈≈≈≈≈≈≈ ......≈≈≈≈≈≈≈.....≈ # ..#..≈≈.≈≈≈≈...... ... .)..≈≈≈.≈≈≈...... ....### ...≈≈≈≈≈≈≈....[. ≈......##>...≈≈≈≈≈...... .......@.....≈≈≈≈....... ##...#......≈≈.......... #. ##≈................ #.......#......... .###.....###..≈..... .(.#.....###.≈≈≈..≈. ≈≈≈≈..........≈≈..≈.. ≈≈≈≈......≈≈≈≈....... ≈≈≈≈≈≈......≈≈..≈≈.)) Turn 52173 on Shoals:1: *blows on dice* .... ..≈≈≈≈≈≈≈ ≈.....≈≈≈≈≈≈≈≈ ......≈≈≈≈≈≈≈.....≈ # ..#..≈≈.≈≈≈≈...... ... .)..≈≈≈.≈≈≈...... ....### ...≈≈≈≈≈≈≈....[. ≈......##>...≈≈≈≈≈...... .......@.....≈≈≈≈....... ##...#......≈≈.......... #. ##≈................ #.......#......... .###.....###..≈..... .(.#.....###.≈≈≈..≈. ≈≈≈≈..........≈≈..≈.. ≈≈≈≈......≈≈≈≈....... ≈≈≈≈≈≈......≈≈..≈≈.)) Turn 52174 on Shoals:1: *is escorted out of the casino bruised and penniless* ≈≈≈≈≈≈≈≈≈≈≈.≈≈≈≈≈≈≈≈≈≈≈≈≈≈≈ ≈≈≈≈≈≈..≈≈≈...≈≈≈.≈≈≈≈≈≈≈≈≈ ≈≈≈≈≈≈....≈......≈≈≈≈≈≈≈≈≈≈ ≈≈≈≈≈≈.......≈...≈≈≈≈≈≈≈≈≈≈ ≈≈≈≈≈..)######...≈≈≈.≈≈≈≈≈≈ ≈≈≈≈≈..).# #.≈≈≈≈≈..≈ ≈≈≈≈≈≈≈..### #..≈≈≈≈≈≈ ≈≈≈≈P≈.....###m..≈≈≈≈ ≈≈≈P≈...≈.@.....≈≈.. ≈PPPP..≈..........≈. PPP.≈P.≈......###. ≈P≈P≈≈≈≈.....## P...≈≈≈≈≈.....# P...≈≈≈........ ...≈≈≈≈......... ...P≈≈≈...≈≈≈... ≈..$≈≈.....≈≈... Turn 52385 on Shoals:1: this'll do ≈≈≈≈≈≈≈≈≈# #....≈≈≈ ≈≈≈≈≈≈≈≈≈ #...≈≈≈≈ ≈≈≈≈≈≈≈≈≈ 8≈ ≈≈#..≈≈≈≈≈ ≈≈≈≈≈≈≈.# #≈≈#########≈≈##....≈≈≈ ≈≈≈≈≈≈..# #≈≈≈≈≈≈≈≈≈≈≈≈≈#≈≈≈..≈≈≈ ≈≈≈≈≈≈≈.####≈≈≈≈≈m≈≈≈≈≈##≈≈≈≈≈≈≈≈ ≈≈≈≈≈≈≈..#.## #m# #.≈≈≈≈≈≈≈≈ ≈≈≈≈≈≈≈≈....#####m#####≈≈≈≈≈≈≈≈≈≈ ≈≈≈≈≈≈≈≈≈≈≈≈....@≈≈..≈≈≈≈≈≈≈≈≈≈≈≈ ≈≈≈≈≈≈≈≈≈≈≈≈........?≈≈≈≈≈≈≈≈≈≈≈≈ ≈≈≈≈≈≈≈≈≈≈≈.......≈≈≈≈≈.≈≈≈≈≈≈≈≈≈ ≈≈≈≈≈≈≈≈.........≈≈≈≈≈≈≈≈≈≈≈≈≈≈≈≈ ≈≈≈≈≈≈≈..#......≈≈)≈≈≈≈≈≈≈≈≈≈≈≈≈≈ ≈≈≈≈≈≈PP.#.....≈≈≈≈≈≈≈≈≈≈≈≈≈≈≈≈≈≈ ≈≈≈≈≈≈PP.#....≈≈≈≈≈≈≈≈≈≈≈≈≈≈≈≈≈≈≈ ≈≈≈≈≈≈≈PP....≈≈≈≈≈≈≈≈≈≈≈.≈≈≈≈≈≈≈≈ ≈≈≈≈≈≈≈P≈....≈≈≈≈≈≈≈...≈≈≈≈≈≈≈≈≈≈ Turn 53114 on Shoals:1: pls no silver ladies I'm allergic ..≈...≈≈≈≈≈≈≈≈≈≈≈≈≈≈≈≈≈≈≈##≈≈# ###...≈≈≈..≈≈≈≈≈≈≈≈≈≈≈≈≈≈#≈≈≈# #.≈≈≈≈≈..≈≈≈≈≈≈≈≈≈≈≈≈≈.##≈≈# # #..≈≈≈≈≈≈≈≈≈≈≈≈≈≈≈≈≈≈≈≈#8≈m# ###).≈≈≈≈≈≈≈≈≈≈≈≈≈≈≈≈≈..###≈m#### ....≈≈≈.≈≈≈≈≈≈≈≈≈≈≈≈≈≈..# #≈≈≈≈≈≈ ....≈≈≈≈.≈≈≈≈≈≈≈≈≈≈≈≈≈≈m####≈≈≈≈≈ ...###.≈≈≈≈≈≈≈≈≈≈≈≈≈≈≈≈..#.##≈#8# ..## #..≈≈≈≈≈≈≈≈@≈≈≈m≈mm....##### ...###..≈≈≈≈≈≈≈≈≈≈≈≈≈≈≈≈≈≈≈.....≈ ........≈≈≈≈≈≈≈≈≈≈≈≈≈≈≈≈≈≈≈...... .........≈≈≈≈≈≈≈≈≈≈≈≈≈≈≈≈≈≈...... ≈≈≈......≈≈≈≈≈≈≈≈≈≈≈≈≈≈≈......... .≈≈..≈≈≈≈≈≈≈≈≈≈≈≈≈≈≈≈≈≈..#......≈ .#...≈≈≈≈≈≈≈≈≈≈≈≈≈≈≈≈≈PP.#.....≈≈ .#.≈≈≈≈≈≈≈≈≈≈≈≈≈≈≈≈≈≈≈P≈.#....≈≈≈ ...≈≈≈≈≈≈≈≈≈≈≈≈≈≈≈≈≈≈≈≈PP....≈≈≈≈ Turn 53671 on Shoals:1: what are these tps

≈..≈..#######..####....≈≈≈≈≈≈≈≈≈≈
≈≈≈≈≈(.....##### #####.≈≈≈≈≈≈≈≈≈≈
≈≈≈≈≈≈≈≈≈≈##≈#8#≈#≈#8##≈≈≈≈≈≈≈≈≈≈
≈≈≈≈≈≈≈≈≈##≈≈≈≈≈≈≈≈≈≈≈##≈≈≈≈≈≈≈≈≈
≈≈≈≈≈≈≈≈≈#≈≈≈≈≈≈≈≈≈≈≈≈≈#≈≈≈)≈≈≈≈≈
≈≈≈≈≈≈≈≈##≈≈#########≈≈##<.≈≈≈≈≈≈
≈≈≈≈≈≈≈≈#8≈≈#≈≈≈≈≈≈≈#≈≈8#....≈≈≈≈
≈≈≈≈≈≈≈≈##≈≈#≈≈≈≈≈≈≈#≈≈##≈...≈≈≈≈
≈≈≈≈≈≈≈≈#≈≈≈#≈≈≈@≈≈≈≈≈≈≈#≈≈≈≈≈≈≈≈
≈≈≈≈≈≈≈.##≈≈#≈≈≈≈≈≈≈#≈≈##.≈≈≈≈≈≈≈
≈≈≈≈≈≈≈.#8≈m#≈≈≈≈≈≈(#≈≈≈#≈≈≈≈≈≈≈≈
≈≈≈≈≈..###≈≈#########≈≈##≈≈≈≈≈≈≈≈
≈≈≈≈≈..# #≈≈≈≈≈≈≈≈≈≈≈≈≈#≈≈≈.≈≈≈≈≈
≈≈≈≈≈≈.####≈≈≈≈≈≈≈≈≈≈≈##≈≈≈≈≈≈≈≈≈
≈≈m≈≈≈..#.##≈#8#'#8#≈##≈≈≈≈≈≈≈≈≈≈
≈≈m≈m≈≈....#####.#####≈≈≈≈≈≈≈≈≈≈≈
≈≈≈≈≈≈≈≈≈≈............≈≈≈≈≈≈≈≈≈≈≈


Turn 54094 on Shoals:1: ?

Levels and vault maps discovered:
D:1:      dpeg_arrival_water_altar, layout_basic, chequers_serial_rivers_micro_b
D:2:      layout_rooms, minmay_pentomino_t4
D:3:      layout_basic, gammafunk_ghost_cemetery, basic_ecumenical_altar,
          hangedman_decor_riveting, kennysheep_generic_room_9
D:4:      layout_loops_ring, mainiacjoe_overflow_six_doors_small
D:5:      layout_cave_pools, lemuel_zombie_altar_yredelemnul,
          minmay_temple_entry_wispy, enter_ossuary_4, mrwooster_statue_mirror
D:6:      layout_rooms, gammafunk_ghost_mausoleum
D:7:      layout_layer_cave
D:8:      layout_loops_ring, lemuel_crystal_altar, erik_lair_orcish_takeover,
          kennysheep_generic_room_10, uniq_psyche, uniq_maggie
D:9:      layout_loops_ring, nicolae_uskayaw_dance_studio, trog_antimagical,
          david_orc_3, serial_shops, kennysheep_little_box,
          amcnicky_mini_rare_corridor_liquid, minivault_16, uniq_erica,
          uniq_pikel, uniq_maurice, uniq_prince_ribbit1
D:10:     layout_small_grid, mainiacjoe_overflow_small_starburst,
          nicolae_tso_carved_into_rock, gammafunk_ghost_arena,
          unseen_surprise_small, uniq_harold, uniq_erolcha
D:11:     minmay_spotlight, layout_cave_pools, gammafunk_ghost_abyssal_escape
D:12:     minmay_imperfect_grid, layout_irregular_city, serial_rivers,
          chequers_serial_rivers_large_a, chequers_serial_rivers_room_a,
          chequers_serial_rivers_micro_b, chequers_serial_rivers_room_a,
          chequers_serial_rivers_micro_e
D:13:     layout_loops_cross, enter_trove_6, minmay_variable_closet, uniq_rupert
D:14:     layout_stronghold, david_vaults_1, portal_ice_cave_entry_ugly_swarm
D:15:     grunt_enter_depths_snipers, layout_rooms,
          hangedman_abyss_or_decor_lesser_grid
Temple:   regret_index_temple_generic_petals
Lair:1:   kb_forest_paths, layout_long_grid
Lair:2:   lemuel_reptile_caves, layout_cave_pods, minmay_shoals_entry_beasts,
          pond, serial_bayou_shore_b
Lair:3:   layout_gridlike, minmay_snake_entry_guardpost_medium,
          wad_woods_road_06
Lair:4:   layout_small_grid, minmay_lair_oklob_chamber, grunt_megastairs_3
Lair:5:   layout_regular_city, dpeg_slime_entry_corner
Lair:6:   hellmonk_lair_end_abyssal_woods, layout_loops_ring,
          bobbens_dragon_lair_wall
Shoals:1: argonaut_golden_fleece, layout_shoals, st_sunken_temple
Shoals:2: layout_shoals, uniq_aizul
Shoals:3: layout_shoals, serial_shops, shop, nicolae_shoals_dead_sea_scrolls
Shoals:4: shoals_end_grunt_garden, layout_shoals
Snake:1:  onia_ninara_swampy_vault, layout_misc_corridors, serial_shops,
          nicolae_shop_behind_doors, nicolae_shop_temple_entry_statues_fountains
Snake:2:  nicolae_snakescales, layout_cave_shapes, minmay_shoptagon
Snake:3:  layout_misc_corridors, serial_shops, shop, grunt_ministairs_6,
          nicolae_snake_snakes_in_the_grass
Snake:4:  minmay_snake_end_coiled, layout_onion, basic_altar,
          beargit_elvish_explorers
Orc:1:    lemuel_ogre_cave, layout_caves, serial_shops, shop_statue,
          nooodl_orcs_dogs
Orc:2:    pf_orc_diabolical, layout_diamond_mine, serial_shops,
          nicolae_shop_overgrown_old_shop, shop, basic_altar, uniq_sonja
Vaults:1: v_alt_pattern_3, vaults_dpeg_ring, nicolae_vaults_shelves_hall,
          hangedman_vaults_impose, v_alt_pattern_2, ontoclasm_vaults_idyll,
          nicolae_vaults_asterisk, vaults_room_fours, hangedman_vaults_trim,
          grunt_vaults_hallway_short, nicolae_vaults_network_quincunx
          [nicolae_vaults_network_quincunx_subvault,
          nicolae_vaults_network_quincunx_subvault,
          nicolae_vaults_network_quincunx_subvault,
          nicolae_vaults_network_quincunx_subvault,
          nicolae_vaults_network_quincunx_subvault], dpeg_vaults_monster_row,
          nicolae_vaults_little_squares_5, layout_vaults_maze_snakey
Vaults:2: nicolae_vaults_angled_halls, vaults_room_corners,
          hangedman_vaults_capsules, v_alt_pattern_5, v_misc_9,
          vaults_room_mumra_shop_pool, grunt_vaults_bifocal,
          ontoclasm_vaults_shuriken, nicolae_vaults_diagonal_hallway_7,
          ontoclasm_vaults_decontamination, nicolae_vaults_know_your_exits,
          vaults_mumra_minichess, layout_vaults_omnicross, serial_shops, shop,
          shop, shop, uniq_margery

Skill      XL: |  1  2  3  4  5  6  7  8  9 10 11 12 13 14 15 16 17 18 19 20 |
---------------+-------------------------------------------------------------+-----
Dodging        | 2 3 4 6 7 8 9 10 12 13 | 13.3
Fighting       | 2 3 5 7 9 11 12 13 14 15 16 | 16.4
Maces & Flails | 2 3 5 7 9 11 12 14 16 | 16.0
Armour         | 3 5 7 8 9 10 11 13 | 13.9
Shields        | 3 5 6 7 8 9 10 11 13 | 13.9
Invocations    | 2 4 5 7 10 12 13 14 | 14.3
Throwing       | |  1.7
Spellcasting   | |  1.0
Hexes          | |  2.4

Action                   |  1- 3 |  4- 6 |  7- 9 | 10-12 | 13-15 | 16-18 | 19-21 || total
-------------------------+-------+-------+-------+-------+-------+-------+-------++-------
Melee: Unarmed           |   192 |     1 |       |       |       |       |       ||   193
       Whip              |       |   205 |   449 |  1514 |       |       |       ||  2168
       Morningstar       |       |       |       |    39 |  1701 |  2692 |   203 ||  4635
       Flail             |       |       |       |       |       |   245 |   629 ||   874
       Demon whip        |       |       |       |       |       |       |   301 ||   301
Throw: Javelin           |    13 |     4 |     7 |     2 |       |     7 |     5 ||    38
       Dart              |       |       |    28 |    49 |   194 |    86 |       ||   357
       Boomerang         |       |       |    15 |   113 |     4 |       |       ||   132
Invok: Minor Destruction |       |       |       |     3 |     8 |   188 |   103 ||   302
       Lesser Servant of |       |       |       |     2 |    11 |     4 |     1 ||    18
       Major Destruction |       |       |       |       |     4 |     2 |       ||     6
       Greater Servant o |       |       |       |       |       |     4 |     7 ||    11
Evoke: Wand              |       |       |       |    19 |    15 |     2 |     3 ||    39
  Use: Potion            |       |     1 |       |     3 |     3 |    16 |     2 ||    25
       Scroll            |       |       |     5 |     7 |    13 |    33 |    18 ||    76
 Stab: Paralysed         |       |       |       |    14 |       |       |       ||    14
       Distracted        |       |       |       |       |     1 |     2 |     1 ||     4
       Invisible         |       |       |       |       |     1 |       |       ||     1
       Held in net/web   |       |       |       |       |       |       |     4 ||     4
Armor: Robe              |    36 |    14 |       |       |       |       |       ||    50
       Scale mail        |       |    65 |   145 |       |       |       |       ||   210
       Acid dragon scale |       |       |       |   255 |   261 |       |       ||   516
       Ring mail         |       |       |       |       |   210 |    65 |       ||   275
       Chain mail        |       |       |       |       |       |   340 |       ||   340
       Plate armour      |       |       |       |       |       |   502 |   331 ||   833
Dodge: Dodged            |    96 |    41 |    88 |   298 |   707 |   828 |   366 ||  2424
Block: Other             |    19 |       |       |       |       |       |       ||    19
       Kite shield       |    65 |   125 |   209 |   708 |  1238 |  2510 |   982 ||  5837
       Reflection        |     2 |     1 |     5 |    15 |    44 |   149 |   115 ||   331
